 Dungeon Crawl Stone Soup version 0.30-a0-793-g160f7cfddd (webtiles) character file.

Game seed: 6856064605446263694

98 bande the Trooper (level 4, -9/29 HPs)
             Began as a Gargoyle Fighter on Feb 20, 2023.
             Mangled by a gnoll
             ... wielding a +0 halberd
              (10 damage)
             ... on level 3 of the Dungeon.
             The game lasted 00:02:07 (2111 turns).

bande the Trooper (Gargoyle Fighter)                Turns: 2111, Time: 00:02:07

Health: -9/29      AC: 10    Str: 20    XL:     4   Next: 69%
Magic:  4/4        EV:  6    Int:  8    God:
Gold:   85         SH:  4    Dex: 11    Spells: 3/3 levels left

rFire   . . .      SeeInvis .    a - +0 war axe
rCold   + . .      Faith    .    c - +0 buckler
rNeg    + . .      Spirit   .    b - +0 scale mail
rPois   ∞          Reflect  .    (no helmet)
rElec   +          Harm     .    (no cloak)
rCorr   .          Rampage  .    (no gloves)
Will    +....                    (no boots) Stlth
                                 (no amulet)
HPRegen 0.24/turn                f - ring of protection from cold
MPRegen 0.09/turn                l - ring of willpower

@: constricted
A: sickness immunity, AC +3, negative energy resistance 1, electricity
resistance, torment resistance 1, petrification resistance
a: no special abilities


You were on level 3 of the Dungeon.
You visited 1 branch of the dungeon, and saw 3 of its levels.

You collected 85 gold pieces.

Inventory:

Hand Weapons
 a - a +0 war axe (weapon)
Armour
 b - a +0 scale mail (worn)
 c - a +0 buckler (worn)
Jewellery
 f - a ring of protection from cold (left hand)
 l - a ring of willpower (right hand)
Scrolls
 e - 5 scrolls of identify {unknown}
 h - 4 scrolls of teleportation {unknown}
 i - a scroll of poison {unknown}
 j - 3 scrolls of enchant armour {unknown}
 p - a scroll of vulnerability {unknown}
 q - a scroll of enchant weapon {unknown}
 s - a scroll of immolation {unknown}
Potions
 d - a potion of might
 g - a potion of magic {unknown}
 k - a potion of heal wounds {unknown}
 m - a potion of flight {unknown}
 n - a potion of lignification {unknown}
 o - a potion of haste {unknown}
 r - 3 potions of curing {unknown}


   Skills:
 + Level 4.1 Fighting
 + Level 2.9 Axes
 + Level 3.9 Armour
 - Level 0.1 Dodging
 + Level 3.8 Shields


You had 3 spell levels left.
You didn't know any spells.
Your spell library contained the following spells:

 Spells                   Type           Power      Damage    Failure   Level
 Tukima's Dance           Hex            0%         N/A       99%         3
 Passage of Golubria      Tloc           0%         N/A       100%        4
 Yara's Violent Unravell  Hex/Tmut       0%         3d3       100%        5


Dungeon Overview and Level Annotations

Branches:
Dungeon (3/15)

Altars:


Innate Abilities, Weirdness & Mutations

You are immune to sickness and miasma.
Your stone body is resilient. (AC +3)
You are immune to poison.
You resist negative energy. (rN+)
You are resistant to electric shocks. (rElec)
You are resistant to unholy torment.
You are immune to petrification.


Message History

A kobold comes into view. It is wielding a +0 dagger.
The kobold shouts!
You hear a shout! x2
A kobold comes into view. It is wielding a +0 short sword.
The kobold throws a stone.
The stone hits you but does no damage.
There are monsters nearby!
A gnoll comes into view. It is wielding a +0 spear.
The kobold shouts!
The gnoll shouts!
The kobold throws a stone.
You block the stone.
The kobold throws a stone.
You block the stone.
A ball python comes into view. 2 gnolls come into view.
The ball python hisses angrily.
The gnoll shouts!
A kobold comes into view. It is wielding a +0 dagger.
The kobold throws a stone.
The stone closely misses you.
The kobold shouts!
The gnoll hits you from afar with a +0 spear.
The kobold throws a stone.
You block the stone.
The gnoll hits you from afar with a +0 spear.
The gnoll hits you but does no damage.
You closely miss the gnoll. You slash the kobold!
You kill the kobold!
You barely miss the ball python. You block the ball python's attack.
The ball python grabs you. The ball python constricts you.
The gnoll hits you but does no damage. x2
The gnoll hits you from afar with a +0 halberd.
The ball python bites you but does no damage.
The ball python constricts you.
You barely miss the ball python. You hit the gnoll.
You closely miss the kobold. You block the ball python's attack.
The ball python constricts you. The kobold hits you but does no damage.
The gnoll hits you with a +0 spear.
The gnoll hits you from afar with a +0 spear.
The gnoll hits you from afar with a +0 halberd!
* * * LOW HITPOINT WARNING * * *
The ball python bites you.
* * * LOW HITPOINT WARNING * * *
The ball python constricts you. The gnoll hits you with a +0 spear.
* * * LOW HITPOINT WARNING * * *
The gnoll hits you from afar with a +0 halberd!
You die...

########## .........#
#####
.........###...#######
#
......................
.
......SK.###...#######
......K@.# #...#
......g..# #...#
......gg.# #...######
.........# #........#
.........# #........#
..... .........#
#........# #...#
.........# #........#
# #...#
############...######
#. #...#
#...........####


You could see 3 gnolls, a ball python and 2 kobolds.

Vanquished Creatures
  A jelly (D:3)
  An adder (D:3)
  A worm (D:2)
  2 orcs (D:3)
  2 ball pythons
  5 bats
  7 endoplasms
  A giant cockroach (D:1)
  4 goblins
  4 hobgoblins
  4 jackals (D:1)
  4 kobolds
  5 quokkas (D:1)
  2 frilled lizards (D:1)
  4 rats
47 creatures vanquished.

Notes
Turn   | Place    | Note
-------+----------+-------------------------------------------
     0 | D:1      | bande the Gargoyle Fighter began the quest for the Orb.
     0 | D:1      | Reached XP level 1. HP: 14/14 MP: 1/1
   199 | D:1      | Reached XP level 2. HP: 19/19 MP: 2/2
   553 | D:1      | Reached XP level 3. HP: 24/24 MP: 3/3
  1744 | D:3      | Reached skill level 4 in Fighting
  1761 | D:3      | Reached XP level 4. HP: 29/29 MP: 4/4
  2111 | D:3      | HP: 1/29 [gnoll/+0 spear (5)]
  2111 | D:3      | Mangled by a gnoll

Illustrated notes

Levels and vault maps discovered:
D:1:      dpeg_arrival_rhombus, layout_basic
D:2:      layout_loops_ring
D:3:      layout_basic

Skill      XL: |  1  2  3 |
---------------+----------+-----
Axes           | 2 |  2.9
Fighting       | 4 |  4.1
Armour         | |  3.9
Dodging        | |  0.1
Shields        | |  3.8

Action                     |  1- 3 |  4- 6 || total
---------------------------+-------+-------++-------
  Melee: War axe           |   116 |    24 ||   140
 Armour: Scale mail        |    52 |    15 ||    67
  Dodge: Dodged            |    62 |    10 ||    72
  Block: Buckler           |    24 |     9 ||    33

Table legend: (Time is in decaauts)
 A = Elapsed time spent in this place.
 B = Non-inter-level travel time spent in this place.
 C = Inter-level travel time spent in this place.
 D = Time resting spent in this place.
 E = Time spent auto-exploring this place.
 F = Levels seen in this place.
 G = Mean time per level.
                   A        B        C        D        E       F      G
               +--------+--------+--------+--------+--------+-----+--------+
         Total |   2170 |   2073 |     97 |      0 |   1704 |   3 |  723.3 |
       Dungeon |   2170 |   2073 |     97 |      0 |   1704 |   3 |  723.3 |
               +--------+--------+--------+--------+--------+-----+--------+

Top non-repeatable levels by time:
     D:1: 1027 daAuts
     D:2: 596 daAuts
     D:3: 546 daAuts
